 Dungeon Crawl Stone Soup version 0.31-a0-1278-g11c5b68f87 (webtiles) character file.

Game seed: 3117357519846742703

95 MackTheKnife the Shooter (level 4, -19/33 HPs)
             Began as a Merfolk Hunter on Dec 17, 2023.
             Demolished by an ogre
             ... wielding a +0 giant club
              (36 damage)
             ... on level 4 of the Dungeon.
             The game lasted 00:04:15 (1071 turns).

MackTheKnife the Shooter (Merfolk Hunter)           Turns: 1071, Time: 00:04:16

Health: -19/33     AC:  3    Str: 11      XL:     4   Next: 65%
Magic:  13/13      EV: 12    Int:  7 (8)  God:
Gold:   56         SH:  0    Dex: 18 (19) Spells: 3/3 levels left

rFire   . . .        a - +0 shortbow {bow}
rCold   . . .        (shield currently unavailable)
rNeg    . . .        c - +0 leather armour
rPois   .            (no helmet)
rElec   .            (no cloak)
rCorr   .            (no gloves)
SInv    .            (no boots)
Will    .....        (no amulet)
Stlth   ++           f - ring of magical power
HPRegen 0.25/turn    (no ring)
MPRegen 0.13/turn

%: no passive effects
@: no status effects
A: (nimble swimmer 2), mertail
a: no special abilities


You were on level 4 of the Dungeon.
You visited 1 branch of the dungeon, and saw 4 of its levels.

You collected 56 gold pieces.


Innate Abilities, Weirdness & Mutations

((You are very nimble when in or above water. (Stealth+, EV+, Speed+++)))
Your lower body shifts to a powerful aquatic tail in water.


   Skills:
 - Level 2.1 Fighting
 + Level 4.9 Ranged Weapons
 - Level 2.6 Dodging
 - Level 1.1 Stealth


You had 3 spell levels left.
You didn't know any spells.
Your spell library was empty.

Inventory:

Hand Weapons
 a - a +0 shortbow (weapon) {bow}
Armour
 c - a +0 leather armour (worn)
 g - a +0 pair of gloves
   (You found it on level 1 of the Dungeon)
Jewellery
 f - a ring of magical power (left hand)
   (You found it on level 1 of the Dungeon)
Wands
 i - a wand of charming (6)
   (You found it on level 2 of the Dungeon)
Scrolls
 b - a scroll of butterflies
 d - a scroll of poison {unknown}
 h - 2 scrolls of identify {unknown}
 j - a scroll of enchant weapon {unknown}
 k - a scroll of teleportation {unknown}

Dungeon Overview and Level Annotations

Branches:
Dungeon (4/15) Zot: 22909
 Temple: D:4-7

Altars:
Yredelemnul

Shops:
D:3 (:*(

Annotations:
D:3 Sigmund

.# #.# .#.#
#.#.# #.#.# #
#.#.# ##
#.#O## .##
#.#@## #.##
##.#.## .#.##
##.#.# #.#.##
##.#.##
##.#.##
##.#.##
##.#.##
##.#.##
##.#.##
##.#.##
##.#.###.#.##
###.#
##.#.#.#.##
..#.


You could see an ogre.


Message History

The adder closely misses you. 😨 HP[-2]
You take 2 damage, and now have 14/33 hp.
Fire: a) +0 shortbow {bow}
Press: ? - help, Shift-Dir - straight line, f/p - adder
Aim: an adder (severely wounded, 48% to hit)
You shoot an arrow. The arrow closely misses the adder.
You feel sick. The adder bites you but does no damage.
The adder barely misses you.
Fire: a) +0 shortbow {bow}
Press: ? - help, Shift-Dir - straight line, f/p - adder
Aim: an adder (severely wounded, 48% to hit)
You shoot an arrow. The arrow hits the adder.
You kill the adder!
You feel sick. 😨 HP[-1]
You take 1 damage, and now have 13/33 hp.
Fire: a) +0 shortbow {bow}
Press: ? - help, Shift-Dir - straight line, f - you That would be overly suicidal.
Unknown command.
You feel sick.
You are no longer poisoned. 😨 HP[-1]
You take 1 damage, and now have 12/33 hp.
h - 2 scrolls labelled ISTUCEU BAIPH (gained 1)
Things that are here:
a +0 dagger {short}; an adder corpse; a goblin corpse 😨 HP[+1] 😨 HP[+2]
You regained 2 hp, and now have 15/33 hp.
You start resting. 😎 HP[+18]
Your hp is fully restored (33).
Found an escape hatch in the ceiling.
There is an escape hatch in the ceiling here.
You now have 56 gold pieces (gained 15).
A dart slug comes into view.
A dart slug is nearby!
A dart slug is nearby!
You shoot an arrow. The arrow hits the dart slug!
The dart slug launches a dart at you. The slug dart hits you. 😕 HP[-3]
You take 3 damage, and now have 30/33 hp.
You shoot an arrow.
The arrow hits the dart slug but does no damage.
You shoot an arrow. The arrow hits the dart slug!
You kill the dart slug!
No target in view!
No target in view!
No target in view!
You see here a dart slug corpse. 😕 HP[+2]
You regained 2 hp, and now have 32/33 hp. 😎 HP[+1]
Your hp is fully restored (33).
A quokka comes into view.
A quokka is nearby!
A quokka is nearby!
You shoot an arrow. The arrow barely misses the quokka.
The quokka bites you but does no damage.
The quokka closely misses you.
You shoot an arrow. The arrow hits the quokka.
You kill the quokka!
You feel your strength returning.
No target in view!
No target in view!
No target in view!
No target in view!
No target in view!
No target in view!
No target in view!
An ogre comes into view. It is wielding a +0 giant club.
An ogre is nearby!
An ogre is nearby!
You shoot an arrow. The arrow hits the ogre.
You shoot an arrow. The arrow closely misses the ogre.
You shoot an arrow. The arrow hits the ogre.
You shoot an arrow. The arrow barely misses the ogre.
You shoot an arrow. The arrow hits the ogre.
You shoot an arrow. The arrow hits the ogre.
The ogre barely misses you.
You shoot an arrow. The arrow hits the ogre.
The ogre hits you with a +0 giant club!
Ouch! That really hurt!
* * * LOW HITPOINT WARNING * * *
😨 HP[-17]
You take 17 damage, and now have 16/33 hp.
MASSIVE DAMAGE!! (PAUSE) Fire: a) +0 shortbow {bow}
Press: ? - help, Shift-Dir - straight line, f/p - ogre
Aim: an ogre, wielding a +0 giant club (severely wounded, 77% to hit)
You shoot an arrow. The arrow barely misses the ogre.
The ogre barely misses you.
Fire: a) +0 shortbow {bow}
Press: ? - help, Shift-Dir - straight line, f/p - ogre
Aim: an ogre, wielding a +0 giant club (severely wounded, 77% to hit)
You shoot an arrow. The arrow hits the ogre!
The ogre hits you with a +0 giant club!!!
Ouch! That really hurt!
You die...

Skill      XL: |  1  2 |
---------------+-------+-----
Ranged Weapons | 4 |  4.9
Fighting       | |  2.1
Dodging        | |  2.6
Stealth        | |  1.1

Action                     |  1- 3 |  4- 6 || total
---------------------------+-------+-------++-------
   Fire: Shortbow          |    46 |    69 ||   115
  Evoke: Wand              |       |     6 ||     6
    Use: Potion            |       |     2 ||     2
 Armour: Leather armour    |    14 |    37 ||    51
  Dodge: Dodged            |    12 |    39 ||    51

Levels and vault maps discovered:
D:1:      dpeg_arrival_arbitrary_a, layout_basic, basic_ecumenical_altar
D:2:      layout_loops_corners, serial_undead, serial_undead_d, serial_undead_e,
          serial_undead_b, serial_undead_d, serial_bayou_lagoon_b, uniq_terence
D:3:      layout_basic, nicolae_yredelemnul_corpse_copse, serial_shops, shop,
          nicolae_shop_window_shopping, nicolae_shop_rolled_up,
          nicolae_shop_tiny_waterfront, nicolae_shop_tiny_waterfront,
          chequers_serial_rivers_small_b, uniq_sigmund, uniq_crazy_yiuf_cottage,
          uniq_ijyb
D:4:      minmay_inner_zag, layout_basic, minmay_temple_entry_slanted

Notes
Turn   | Place    | Note
-------+----------+-------------------------------------------
     0 | D:1      | MackTheKnife the Merfolk Hunter began the quest for the
                  | Orb.
     0 | D:1      | Reached XP level 1. HP: 16/16 MP: 1/1
     0 | D:1      | magus.rc [v1.9.6]
    76 | D:1      | Reached XP level 2. HP: 22/22 MP: 2/2
    76 | D:1      | Found a faded altar of an unknown god.
   412 | D:3      | Found Woseneat's Assorted Antiques.
   427 | D:3      | Found Hoof's Book Shoppe.
   456 | D:3      | Reached skill level 4 in Ranged Weapons
   456 | D:3      | Reached XP level 3. HP: 20/27 MP: 3/3
   474 | D:3      | Reached XP level 4. HP: 19/33 MP: 4/4
   485 | D:3      | Found a basalt altar of Yredelemnul.
   500 | D:3      | Noticed Sigmund
   501 | D:3      | HP: 1/33 [Sigmund/magic dart (9)]
   554 | D:4      | HP: 7/33 [orc wizard/+0 dagger (4)]
   562 | D:4      | HP: 5/33 [orc/+0 club (1)]
   564 | D:4      | HP: 1/33 [orc/+0 club (4)]
   650 | D:4      | HP: 8/33 [orc/+0 club (5)]
   822 | D:3      | Found Lenuoro's Antique Weapon Shoppe.
   838 | D:3      | Found Waicufi's Weapon Shop.
  1062 | D:4      | Noticed an ogre
  1071 | D:4      | Demolished by an ogre

Vanquished Creatures
  A scorpion zombie (D:3)
  A hound zombie (D:3)
  An adder (D:4)
  4 dart slugs
  2 orcs (D:4)
  A ball python (D:2)
  2 bats (D:1)
  2 endoplasms
  4 goblins
  A hobgoblin (D:2)
  A jackal (D:4)
  5 kobolds
  2 quokkas
  A frilled lizard (D:3)
  A rat (D:3)
29 creatures vanquished.

Vanquished Creatures (collateral kills)
  An orc (D:4)
  2 ball pythons (D:4)
  A jackal (D:4)
4 creatures vanquished.

Vanquished Creatures (others)
  An orc (D:4)
1 creature vanquished.

Grand Total: 34 creatures vanquished

Table legend:
 A = Non-vault XP
 B = Vault XP
 C = Vault XP percentage of total XP
 D = Non-vault monster count
 E = Vault monster count
 F = Vault count percentage of total count
                 A         B        C        D         E       F
            +---------+---------+-------+---------+---------+-------
      Total |      79 |      57 |  41.9 |      31 |       2 |   6.1
            +---------+---------+-------+---------+---------+-------
        D:1 |      11 |       0 |   0.0 |       4 |       0 |   0.0
        D:2 |      12 |       0 |   0.0 |       6 |       0 |   0.0
        D:3 |      14 |      57 |  80.3 |       8 |       2 |  20.0
        D:4 |      42 |       0 |   0.0 |      13 |       0 |   0.0
            +---------+---------+-------+---------+---------+-------

Skill      XL: |  1  2 |
---------------+-------+-----
Ranged Weapons | 4 |  4.9
Fighting       | |  2.1
Dodging        | |  2.6
Stealth        | |  1.1

Action                     |  1- 3 |  4- 6 || total
---------------------------+-------+-------++-------
   Fire: Shortbow          |    46 |    69 ||   115
  Evoke: Wand              |       |     6 ||     6
    Use: Potion            |       |     2 ||     2
 Armour: Leather armour    |    14 |    37 ||    51
  Dodge: Dodged            |    12 |    39 ||    51

Illustrated notes

Table legend:
 A = Kills in this place as a percentage of kills in the entire game.
 B = Kills by you in this place as a percentage of kills by you in the entire game.
 C = Kills by friends in this place as a percentage of kills by friends in the entire game.
 D = Other kills in this place as a percentage of other kills in the entire game.
 E = Experience gained in this place as a percentage of experience gained in the entire game.
 F = Experience gained in this place divided by the number of levels of this place that you have seen.
                   A       B       C       D       E      F
               +-------+-------+-------+-------+-------+----------------------
         Total | 100.0 | 100.0 | 100.0 |   N/A | 100.0 |  34.0
       Dungeon | 100.0 | 100.0 | 100.0 |   N/A | 100.0 |  34.0
               +-------+-------+-------+-------+-------+----------------------

Table legend: (Time is in decaauts)
 A = Elapsed time spent in this place.
 B = Non-inter-level travel time spent in this place.
 C = Inter-level travel time spent in this place.
 D = Time resting spent in this place.
 E = Time spent auto-exploring this place.
 F = Levels seen in this place.
 G = Mean time per level.
                   A        B        C        D        E       F      G
               +--------+--------+--------+--------+--------+-----+--------+
         Total |   1089 |   1024 |     65 |    161 |     73 |   4 |  272.2 |
       Dungeon |   1089 |   1024 |     65 |    161 |     73 |   4 |  272.2 |
               +--------+--------+--------+--------+--------+-----+--------+

Top non-repeatable levels by time:
     D:4: 377 daAuts
     D:3: 343 daAuts
     D:2: 188 daAuts
     D:1: 180 daAuts
